 Dungeon Crawl Stone Soup version 0.31.0-11-ge490571c62 (webtiles) character file.

Game seed: 14978178202753232250

3904 qw the Skirmisher (level 10, -7/60 HPs)
             Began as a Deep Elf Hunter on Feb 5, 2024.
             Was a Believer of Okawaru.
             Mangled by a yak (12 damage)
             ... on level 9 of the Dungeon.
             The game lasted 00:01:42 (7916 turns).

qw the Skirmisher (Deep Elf Hunter)                 Turns: 7916, Time: 00:01:43

Health: -7/60      AC:  9    Str: 14      XL:     10   Next: 0%
Magic:  11/15      EV: 21    Int: 15      God:    Okawaru [**....]
Gold:   477        SH:  5    Dex: 19 (20) Spells: 9/9 levels left

rFire   + . .        o - +0 shortbow of Qazlal's Regard {speed, Str+2 Dex+2}
rCold   + . .        (shield currently unavailable)
rNeg    + . .        k - +2 scale mail {rN+}
rPois   .            (no helmet)
rElec   .            (no cloak)
rCorr   .            (no gloves)
SInv    .            (no boots)
Will    +....        i - amulet of reflection
Stlth   ++           j - ring of protection from cold
HPRegen 0.30/turn    l - +5 ring of evasion
MPRegen 0.14/turn

%: reflection
@: about to teleport, heroic, hasted and slowed
A: fire resistance 1
a: Renounce Religion, Heroism


You were on level 9 of the Dungeon.
You worshipped Okawaru.
Okawaru was pleased with you.
You visited 2 branches of the dungeon, and saw 10 of its levels.

You collected 477 gold pieces.


Innate Abilities, Weirdness & Mutations

Your flesh is heat resistant. (rF+)


   Skills:
 - Level 6.0(11.0) Fighting
 - Level 14.0(19.0) Ranged Weapons
 - Level 2.1(7.1) Armour
 + Level 7.2(12.2) Dodging
 - Level 1.2(6.2) Stealth
 - Level 4.0 Invocations


You had 9 spell levels left.
You didn't know any spells.
Your spell library was empty.

Inventory:

Hand Weapons
 o - the +0 shortbow of Qazlal's Regard (weapon) {speed, Str+2 Dex+2}
   (You acquired it on level 5 of the Dungeon)

   Str+2:     It affects your strength (+2).
   Dex+2:     It affects your dexterity (+2).
Armour
 k - a +2 scale mail of positive energy (worn)
 r - a +3 leather armour of fire resistance
Jewellery
 i - an amulet of reflection (around neck)
 j - a ring of protection from cold (left hand)
 l - a +5 ring of evasion (right hand)
 p - a +6 ring of strength
Wands
 h - a wand of paralysis (2)
Scrolls
 e - a scroll of teleportation
 g - a scroll of brand weapon
Potions
 a - a potion of enlightenment
 b - a potion of curing
 d - a potion of might
 f - 2 potions of mutation
 s - a potion of invisibility {unknown}

Dungeon Overview and Level Annotations

Branches:
Dungeon (9/15)             Temple (1/1) D:7
   Lair: D:8-11         Orc: D:9-12

Altars:
Ashenzari
Cheibriados
Dithmenos
Elyvilon
Hepliaklqana
Makhleb
Nemelex Xobeh
Okawaru
Ru
Sif Muna
Trog
Uskayaw
Vehumet
Wu Jian
Yredelemnul
Zin
The Shining One

Annotations:
D:4 3 runed translucent doors, qw's ghost, amateur SpHu; qw's ghost, novice SpHu; qw's ghost, weakling SpHu
D:5 3 runed translucent doors, qw's ghost, amateur SpHu; qw's ghost, novice DEHu; qw's ghost, novice SpHu


Message History

Beogh smites you! The water moccasin bites you.
You hear a shout!
You hear an angry hiss. x2; You hear a howl!
7911 ||| RETREEEEATING.
You shoot an arrow. The arrow hits the water moccasin!
You kill the water moccasin!
Okawaru accepts your kill.
You hear a bellow!
Your Invocations skill increases to level 4!
You have reached level 10!
7912 ||| RETREEEEATING.
An orc wizard and a yak come into view.
The orc wizard shouts!
The yak bellows!
You hear a bellow!
An orc comes into view. It is wielding a +0 dagger.
The orc wizard mumbles some strange words.
The orc wizard flickers and vanishes!
Deactivating autopickup; reactivate with Ctrl-A.
The yak barely misses you. The wraith completely misses you.
An orc comes into view. It is wielding a +0 dagger.
The yak moves out of view.
You see here Great Wizards, Vol.
VII.
7913 ||| INVOKING Heroism.
You gain the combat prowess of a mighty hero.
The yak closely misses you. The wraith misses you.
7914 ||| DRINKING potion of haste.
You feel yourself speed up. The wraith hits you. The wraith drains your vigour!
You feel yourself slow down. The yak gores you but does no damage.
A wight comes into view. It is wielding a +3 long sword.
A howler monkey comes into view.
You shoot an arrow.
The arrow hits the yak but does no damage.
The water moccasin bites something.
The yak completely misses you.
The orc priest mumbles some strange prayers to Beogh against you.
Beogh smites you!
The yak gores something but does no damage.
The wraith closely misses you.
7916 ||| READING 2 scrolls of teleportation.
As you read the scroll of teleportation, it crumbles to dust.
You feel strangely unstable.
The orc priest calls down the wrath of Beogh upon you.
Beogh smites you! The yak gores you!
You die...

#.......#
#.....|.#
#.......#
#.......# ###
#.......#
'.h..#.......#
#........<#
#)......#
###@##### #WY#
#oh## #Y#


oo Y.o Yz. .S.. You could see 4 yaks, a wraith, a water moccasin, 2 howler
monkeys, a wight, 2 orc priests and 2 orcs.

Vanquished Creatures
  Pikel (D:5)
  Prince Ribbit (D:5)
  A wyvern (D:8)
  A yak (D:9)
  Eustachio (D:5)
  A steam dragon (D:8)
  Menkaure (D:5)
  Edmund (D:5)
  2 water moccasins
  An ice beast (D:6)
  An orc warrior (D:8)
  A black bear (D:6)
  A centaur (D:8)
  2 phantoms
  2 lemures (D:5)
  2 kobold brigands
  3 gnoll sergeants
  3 bullfrogs
  6 scorpions
  2 howler monkeys (D:8)
  A bombardier beetle (D:3)
  3 hounds
  A quasit (D:5)
  A jelly (D:8)
  3 orc priests
  2 iguanas (D:5)
  7 orc wizards
  4 adders
  11 gnolls
  5 shadow imps
  4 white imps
  2 ufetubi (D:6)
  A ribbon worm (D:6)
  3 dart slugs (D:1)
  20 orcs
  2 ball pythons
  5 bats
  7 endoplasms
  3 giant cockroaches
  4 goblins
  5 hobgoblins
  3 jackals
  18 kobolds
  A frilled lizard (D:3)
  7 rats
157 creatures vanquished.

Notes
Turn   | Place    | Note
-------+----------+-------------------------------------------
     0 | D:1      | qw the Deep Elf Hunter began the quest for the Orb.
     0 | D:1      | Reached XP level 1. HP: 12/12 MP: 3/3
     0 | D:1      | 0 ||| qw: Version: 0.3-a-160-g6735b56
     0 | D:1      | 0 ||| qw: Game counter: 6147
     0 | D:1      | 0 ||| qw: Melee chars always use a shield: true
     0 | D:1      | 0 ||| qw: God list: Okawaru
     0 | D:1      | 0 ||| qw: Allow faded altars: false
     0 | D:1      | 0 ||| qw: Do Orc after clearing Dungeon:15 true
     0 | D:1      | 0 ||| qw: Do second Lair branch before Depths: true
     0 | D:1      | 0 ||| qw: Lair rune preference: random
     0 | D:1      | 0 ||| qw: Goals: Normal
     0 | D:1      | 0 ||| PLANNING D:1-11
    67 | D:1      | Reached skill level 6 in Ranged Weapons
    67 | D:1      | Reached XP level 2. HP: 16/16 MP: 4/4
   241 | D:1      | Reached XP level 3. HP: 20/20 MP: 5/5
   570 | D:1      | 570 ||| READING 3 scrolls labelled TEVUOZU RIKK.
   575 | D:1      | 575 ||| READING scroll labelled ASCHOI DIKH.
   576 | D:1      | 576 ||| READING scroll labelled HORAIP VASSO.
   577 | D:1      | 577 ||| READING 3 scrolls labelled SAIHUENKUVOH.
   678 | D:1      | 678 ||| READING scroll labelled PUEDDA GOMNIR.
   679 | D:1      | 679 ||| DROPPING scroll of butterflies.
   680 | D:1      | 680 ||| DROPPING 2 scrolls of vulnerability.
   974 | D:2      | Reached skill level 7 in Ranged Weapons
   975 | D:2      | HP: 5/20 [poisoned by an adder]
   979 | D:2      | HP: 2/20 [poisoned by an adder]
  1625 | D:2      | 1625 ||| UPGRADING to +0 ring mail.
  1635 | D:2      | 1635 ||| DROPPING +0 leather armour.
  1636 | D:2      | 1636 ||| READING 3 scrolls labelled KETYLU JOUL.
  1636 | D:2      | 1636 ||| BRANDING +0 shortbow.
  1637 | D:2      | 1637 ||| READING 2 scrolls of brand weapon.
  1637 | D:2      | 1637 ||| BRANDING +0 shortbow of freezing.
  1638 | D:2      | 1638 ||| READING scroll labelled DISAERIPPI.
  1639 | D:2      | 1639 ||| DRINKING 2 cyan potions.
  1639 | D:2      | Gained mutation: Your flesh is heat resistant. (rF+)
                  | [potion of mutation]
  1701 | D:3      | Reached XP level 4. HP: 25/25 MP: 6/6
  1723 | D:3      | Found a glowing silver altar of Zin.
  1748 | D:3      | Found a white marble altar of Elyvilon.
  1903 | D:3      | Found an ornate altar of the Wu Jian Council.
  1903 | D:3      | Found a bloodstained altar of Trog.
  1935 | D:3      | Reached skill level 8 in Ranged Weapons
  1936 | D:3      | Noticed a gnoll sergeant
  1940 | D:3      | HP: 3/25 [gnoll sergeant/+0 spear (5)]
  1941 | D:3      | 1941 ||| READING 3 scrolls of teleportation.
  1941 | D:3      | HP: 1/25 [gnoll sergeant/+0 spear (2)]
  1942 | D:3      | Killed a gnoll sergeant
  1943 | D:3      | Reached XP level 5. HP: 2/29 MP: 7/7
  2253 | D:3      | 2253 ||| UPGRADING to +2 scale mail of positive energy.
  2263 | D:3      | 2263 ||| DROPPING +0 ring mail.
  2264 | D:3      | 2264 ||| READING scroll labelled GYELUO YTREPIN YDI.
  2265 | D:3      | 2265 ||| DRINKING 2 fizzy cyan potions.
  2267 | D:3      | 2267 ||| Stepping ~*~*~tactically~*~*~ (cloud).
  2399 | D:4      | Reached skill level 9 in Ranged Weapons
  2593 | D:4      | Noticed a phantom
  2594 | D:4      | Reached XP level 6. HP: 11/36 MP: 8/8
  2596 | D:4      | 2596 ||| FLEEEEING.
  2597 | D:4      | 2597 ||| FLEEEEING.
  2604 | D:4      | 2604 ||| FLEEEEING.
  2618 | D:4      | Reached skill level 1 in Armour
  2930 | D:4      | Found a runed translucent gate.
  2930 | D:4      | Found a runed translucent gate.
  2930 | D:4      | Found a runed translucent gate.
  2936 | D:4      | Noticed qw's ghost (amateur SpHu)
  2936 | D:4      | Noticed qw's ghost (novice SpHu)
  2936 | D:4      | Noticed qw's ghost (weakling SpHu)
  2961 | D:4      | Found a broken altar of Ashenzari.
  2967 | D:4      | Saw a vision of the Swamp and the Snake Pit.
  2967 | D:4      | Noticed a mana viper
  2967 | D:4      | Noticed a naga warrior
  2967 | D:4      | Noticed a bloated husk
  2967 | D:4      | Noticed a seven-headed hydra
  2967 | D:4      | Noticed a naga ritualist
  2967 | D:4      | Noticed a ghost crab
  2967 | D:4      | Noticed a bog body
  2967 | D:4      | Noticed a naga warrior
  2970 | D:4      | Noticed a bog body
  3312 | D:4      | 3312 ||| UPGRADING to ring of protection from cold.
  3313 | D:4      | 3313 ||| READING 2 scrolls labelled WIMNASMAECU.
  3313 | D:4      | 3313 ||| IDENTIFYING green potion
  3314 | D:4      | 3314 ||| READING scroll of identify.
  3314 | D:4      | 3314 ||| IDENTIFYING dark potion
  3315 | D:4      | 3315 ||| DRINKING 2 yellow potions.
  3316 | D:4      | 3316 ||| DROPPING potion of attraction.
  3337 | D:5      | Entered Level 5 of the Dungeon
  3365 | D:5      | Found a radiant altar of Vehumet.
  3394 | D:5      | 3394 ||| RETREEEEATING.
  3394 | D:5      | Noticed Pikel
  3396 | D:5      | 3396 ||| ZAPPING wand of light (11) at -5,0 (Pikel;
                  | shallow_water).
  3397 | D:5      | 3397 ||| ZAPPING wand of light (10) at -5,1 (Pikel; floor).
  3398 | D:5      | 3398 ||| ZAPPING wand of light (9) at -4,1 (Pikel; floor).
  3399 | D:5      | 3399 ||| ZAPPING wand of light (8) at -3,1 (Pikel; floor).
  3400 | D:5      | 3400 ||| ZAPPING wand of light (7) at -3,1 (Pikel; floor).
  3401 | D:5      | 3401 ||| ZAPPING wand of light (6) at -3,0 (Pikel; floor).
  3401 | D:5      | Killed Pikel
  3402 | D:5      | Reached skill level 12 in Ranged Weapons
  3402 | D:5      | Reached XP level 7. HP: 33/40 MP: 9/9
  3471 | D:5      | Reached skill level 3 in Dodging
  3527 | D:5      | Found a runed translucent gate.
  3527 | D:5      | Found a runed translucent gate.
  3527 | D:5      | Found a runed translucent gate.
  3533 | D:5      | Noticed qw's ghost (novice SpHu)
  3533 | D:5      | Noticed qw's ghost (novice DEHu)
  3533 | D:5      | Noticed qw's ghost (amateur SpHu)
  3602 | D:5      | Noticed Menkaure
  3603 | D:5      | 3603 ||| ZAPPING wand of paralysis (5) at 7,4 (Menkaure;
                  | floor).
  3604 | D:5      | 3604 ||| RETREEEEATING.
  3605 | D:5      | 3605 ||| ZAPPING wand of paralysis (4) at 7,4 (Menkaure;
                  | floor).
  3608 | D:5      | Reached XP level 8. HP: 45/45 MP: 10/10
  3611 | D:5      | Killed Menkaure
  3612 | D:5      | Reached skill level 3 in Fighting
  3679 | D:5      | Noticed Edmund
  3684 | D:5      | Killed Edmund
  3819 | D:5      | Noticed Prince Ribbit
  3820 | D:5      | 3820 ||| ZAPPING wand of paralysis (3) at -7,-2 (Prince
                  | Ribbit; floor).
  3821 | D:5      | 3821 ||| ZAPPING wand of light (5) at -5,-1 (Prince Ribbit;
                  | floor).
  3822 | D:5      | 3822 ||| ZAPPING wand of light (4) at -4,0 (Prince Ribbit;
                  | floor).
  3823 | D:5      | 3823 ||| ZAPPING wand of light (3) at -3,0 (Prince Ribbit;
                  | floor).
  3824 | D:5      | 3824 ||| ZAPPING wand of light (2) at -1,0 (Prince Ribbit;
                  | floor).
  3825 | D:5      | 3825 ||| ZAPPING wand of light (1) at -1,0 (Prince Ribbit;
                  | floor).
  3826 | D:5      | Killed Prince Ribbit
  3827 | D:5      | Reached skill level 13 in Ranged Weapons
  3882 | D:5      | Noticed Eustachio
  3888 | D:5      | 3888 ||| RETREEEEATING.
  3899 | D:5      | Killed Eustachio
  3946 | D:5      | Reached skill level 14 in Ranged Weapons
  4077 | D:5      | 4077 ||| UPGRADING to amulet of reflection.
  4082 | D:5      | 4082 ||| DROPPING ring of flight.
  4083 | D:5      | 4083 ||| READING scroll labelled MAOHYS VUIT.
  4083 | D:5      | Identified a scroll of acquirement
  4083 | D:5      | 4083 ||| ACQUIRING +0 shortbow of Qazlal's Regard {speed,
                  | Str+2 Dex+2}
  4083 | D:5      | Acquired the +0 shortbow of Qazlal's Regard {speed, Str+2
                  | Dex+2}
  4085 | D:5      | 4085 ||| SWAPPING to +0 shortbow of Qazlal's Regard {speed,
                  | Str+2 Dex+2}.
  4086 | D:5      | 4086 ||| DROPPING +0 heavy shortbow.
  4087 | D:5      | 4087 ||| DRINKING 2 viscous amethyst potions.
  4088 | D:5      | 4088 ||| DRINKING 2 clear potions.
  4089 | D:5      | 4089 ||| DROPPING potion of brilliance.
  4224 | D:6      | 4224 ||| FLEEEEING.
  4273 | D:6      | 4273 ||| FLEEEEING.
  4275 | D:6      | 4275 ||| FLEEEEING.
  4298 | D:6      | Reached XP level 9. HP: 51/51 MP: 11/11
  4441 | D:6      | Found a snail-covered altar of Cheibriados.
  4740 | D:6      | Reached skill level 6 in Dodging
  5105 | D:6      | 5105 ||| UPGRADING to +5 ring of evasion.
  5106 | D:6      | 5106 ||| READING scroll of identify.
  5106 | D:6      | 5106 ||| IDENTIFYING metallic emerald potion
  5107 | D:6      | 5107 ||| READING scroll labelled BONLUKHLIMIH.
  5196 | D:7      | Found a hazy altar of Hepliaklqana.
  5221 | D:7      | Found a staircase to the Ecumenical Temple.
  5222 | D:7      | 5222 ||| PLANNING TEMPLE
  5230 | Temple   | Entered the Ecumenical Temple
  5231 | Temple   | 5231 ||| PLANNING OKAWARU WORSHIP
  5261 | Temple   | Became a worshipper of Warmaster Okawaru
  5262 | Temple   | 5262 ||| PLANNING D:1-11
  5815 | D:7      | Found a burning altar of Makhleb.
  5973 | D:7      | 5973 ||| RETREEEEATING.
  5977 | D:7      | 5977 ||| RETREEEEATING.
  5983 | D:7      | HP: 13/52 [poisoned by a gnoll sergeant]
  5984 | D:7      | 5984 ||| READING 4 scrolls of teleportation.
  5985 | D:7      | 5985 ||| DRINKING 2 potions of heal wounds.
  5993 | D:7      | HP: 12/53 [poisoned by a gnoll sergeant]
  6382 | D:7      | 6382 ||| DROPPING ring of positive energy.
  6383 | D:7      | 6383 ||| READING scroll of identify.
  6383 | D:7      | 6383 ||| IDENTIFYING viscous sapphire potion
  6384 | D:7      | 6384 ||| DRINKING 2 bubbling emerald potions.
  6385 | D:7      | 6385 ||| DROPPING potion of degeneration.
  6386 | D:7      | 6386 ||| DROPPING potion of lignification.
  6438 | D:7      | HP: 12/54 [poisoned by a gnoll sergeant]
  6443 | D:7      | HP: 8/54 [poisoned by a gnoll sergeant]
  6642 | D:8      | 6642 ||| STAIRDANCE
  6652 | D:7      | HP: 10/54 [orc warrior/+0 long sword (12)]
  6653 | D:7      | 6653 ||| READING 3 scrolls of teleportation.
  6654 | D:7      | 6654 ||| DRINKING potion of heal wounds.
  6744 | D:8      | 6744 ||| STAIRDANCE
  6767 | D:8      | 6767 ||| STAIRDANCE
  6811 | D:8      | Reached * piety under Okawaru
  6922 | D:8      | Found a basalt altar of Yredelemnul.
  6963 | D:8      | Reached skill level 1 in Invocations
  7432 | D:8      | Reached skill level 3 in Invocations
  7478 | D:8      | Found a shadowy altar of Dithmenos.
  7900 | D:9      | 7900 ||| RETREEEEATING.
  7901 | D:9      | 7901 ||| RETREEEEATING.
  7902 | D:9      | 7902 ||| RETREEEEATING.
  7903 | D:9      | 7903 ||| RETREEEEATING.
  7904 | D:9      | 7904 ||| RETREEEEATING.
  7905 | D:9      | 7905 ||| RETREEEEATING.
  7906 | D:9      | 7906 ||| RETREEEEATING.
  7907 | D:9      | 7907 ||| RETREEEEATING.
  7907 | D:9      | Reached ** piety under Okawaru
  7908 | D:9      | Reached skill level 6 in Fighting
  7908 | D:9      | 7908 ||| RETREEEEATING.
  7909 | D:9      | 7909 ||| RETREEEEATING.
  7910 | D:9      | 7910 ||| RETREEEEATING.
  7911 | D:9      | 7911 ||| RETREEEEATING.
  7912 | D:9      | Reached XP level 10. HP: 37/60 MP: 13/15
  7912 | D:9      | 7912 ||| RETREEEEATING.
  7913 | D:9      | 7913 ||| INVOKING Heroism.
  7914 | D:9      | 7914 ||| DRINKING potion of haste.
  7915 | D:9      | HP: 15/60 [orc priest/divine providence (17)]
  7916 | D:9      | 7916 ||| READING 2 scrolls of teleportation.
  7916 | D:9      | HP: 5/60 [orc priest/divine providence (10)]
  7916 | D:9      | Mangled by a yak

Levels and vault maps discovered:
D:1:      elethiomel_arrival_quiet, layout_loops_ring
D:2:      layout_loops_corners, minmay_tetromino_i4
D:3:      layout_rooms, mainiacjoe_overflow_surrounded_room, zin_academy,
          gammafunk_temple_overflow_elements
D:4:      nicolae_cairo_tiling, layout_loops_ring, grunt_ashenzari_visionary
          [grunt_ashenzari_visionary_swamp, grunt_ashenzari_visionary_snake],
          gammafunk_ghost_cemetery
D:5:      minmay_skewed_foursquare, layout_rooms, kennysheep_mini,
          serial_demonic, serial_demonic_f, serial_demonic_c, serial_demonic_a,
          serial_demonic_g, gammafunk_ghost_cemetery, uniq_edmund, uniq_pikel,
          uniq_prince_ribbit1, uniq_menkaure, uniq_eustachio
D:6:      layout_cave_pods, slow_altar_1
D:7:      layout_basic, mainiacjoe_overflow_boulevard,
          nicolae_overflow_hidden_temple, minmay_temple_entry_overgrown
D:8:      layout_loops_ring, yredelemnul_altar_generic, lemuel_crystal_altar
D:9:      layout_roguey, mainiacjoe_overflow_brackets, marbit_many_paths,
          minmay_lair_entry_grove
Temple:   hellmonk_temple_beads

Skill      XL: |  1  2  3  4  5  6  7  8  9 |
---------------+----------------------------+-----
Ranged Weapons | 6 7 8 9 12 14 | 14.0
Fighting       | 2 3 6 |  6.0
Armour         | 1 2 |  2.1
Dodging        | 3 5 7 |  7.2
Invocations    | 4 |  4.0
Stealth        | |  1.2

Action                     |  1- 3 |  4- 6 |  7- 9 | 10-12 || total
---------------------------+-------+-------+-------+-------++-------
   Fire: Shortbow          |    96 |    69 |   522 |     1 ||   688
 Invoke: Heroism           |       |       |       |     1 ||     1
  Evoke: Wand              |       |     6 |     8 |       ||    14
    Use: Scroll            |     8 |     4 |     6 |     1 ||    19
         Potion            |     1 |     2 |     5 |     1 ||     9
 Armour: Leather armour    |    13 |       |       |       ||    13
         Ring mail         |       |     9 |       |       ||     9
         Scale mail        |       |    35 |   120 |     3 ||   158
  Dodge: Dodged            |    22 |    18 |   152 |     6 ||   198
  Block: Other             |       |       |    34 |       ||    34
         Reflection        |       |       |     3 |       ||     3

Table legend:
 A = Non-vault XP
 B = Vault XP
 C = Vault XP percentage of total XP
 D = Non-vault monster count
 E = Vault monster count
 F = Vault count percentage of total count
                 A         B        C        D         E       F
            +---------+---------+-------+---------+---------+-------
      Total |    3727 |    1851 |  33.2 |     137 |      18 |  11.6
            +---------+---------+-------+---------+---------+-------
        D:1 |      52 |       0 |   0.0 |      26 |       0 |   0.0
        D:2 |      27 |       3 |  10.0 |       9 |       2 |  18.2
        D:3 |     184 |       0 |   0.0 |      12 |       0 |   0.0
        D:4 |     328 |       0 |   0.0 |      14 |       0 |   0.0
        D:5 |     184 |    1696 |  90.2 |       4 |      14 |  77.8
        D:6 |     896 |       5 |   0.6 |      27 |       1 |   3.6
        D:7 |     663 |       0 |   0.0 |      23 |       0 |   0.0
        D:8 |    1184 |       0 |   0.0 |      21 |       0 |   0.0
        D:9 |     209 |     147 |  41.3 |       1 |       1 |  50.0
            +---------+---------+-------+---------+---------+-------
